 Dungeon Crawl Stone Soup version 0.28.0 (webtiles) character file.

Game seed: 7476189625786328360

36110 CrabCake the Geomancer (level 13, -5/63 HPs)
             Began as a Gargoyle Earth Elementalist on Aug 14, 2022.
             Was an Initiate of Gozag.
             Killed by divine providence
             ... invoked by a meliai
              (13 damage)
             ... on level 1 of the Spider Nest.
             The game lasted 01:37:19 (19641 turns).

CrabCake the Geomancer (GrEE)                      Turns: 19641, Time: 01:37:19

Health: -5/63      AC: 18    Str: 11    XL:     13   Next: 88%
Magic:  22/27      EV:  6    Int: 28    God:    Gozag
Gold:   2797       SH:  0    Dex:  7    Spells: 4/32 levels left

rFire   + + .      SeeInvis .   H - +5 falchion "Aubergine" {venom, rElec rF+++ rCorr Dex-3}
rCold   + . .      Faith    .   (no shield)
rNeg    + + .      Spirit   .   A - +2 robe {rN+}
rPois   ∞          Reflect  .   k - +2 helmet
rElec   +          Harm     .   r - +0 cloak
rCorr   +          Rampage  .   M - +0 pair of gloves
Will    .....                   (no boots)
Stlth   +++.......              N - amulet of magic regeneration
HPRegen 0.20/turn               C - +6 ring of intelligence
MPRegen 0.60/turn               F - ring of ice

@: gold aura, held
A: sickness immunity, AC +9, negative energy resistance 1, electricity
resistance, torment resistance 1, petrification resistance
a: Renounce Religion, Potion Petition, Call Merchant, Bribe Branch


You were on level 1 of the Spider Nest.
You worshipped Gozag.
Gozag was most pleased with you.
You visited 4 branches of the dungeon, and saw 16 of its levels.

You collected 2844 gold pieces.
You paid 47 gold pieces to Gozag.

Inventory:

Hand Weapons
 a - the +8 scimitar of the Hated {drain, rElec rCorr Str+3}
   (You found it on level 3 of the Lair of Beasts)

   A truly terrible weapon, it drains the life of any living foe it strikes.
   Str:       It affects your strength (+3).
   rElec:     It insulates you from electricity.
   rCorr:     It protects you from acid and corrosion.
 b - the +6 hunting sling "Sesoihyw" {venom, Fragile rPois Will+ Int+3}
   (You found it on level 9 of the Dungeon)

   Any ammunition fired from it poisons the flesh of those it strikes.
   Int:       It affects your intelligence (+3).
   rPois:     It protects you from poison.
   Fragile:   It will be destroyed if unequipped.
   Will:      It increases your willpower.
 H - the +5 falchion "Aubergine" (weapon) {venom, rElec rF+++ rCorr Dex-3}
   (You found it on level 5 of the Dungeon)

   It poisons the flesh of those it strikes.
   Dex:       It affects your dexterity (-3).
   rF:        It renders you almost immune to fire.
   rElec:     It insulates you from electricity.
   rCorr:     It protects you from acid and corrosion.
Missiles
 j - 158 stones
 B - 2 throwing nets
Armour
 k - a +2 helmet (worn)
 r - a +0 cloak (worn)
 z - a +0 plate armour of cold resistance
 A - a +2 robe of positive energy (worn)
 M - a +0 pair of gloves (worn)
 V - a +0 robe of cold resistance
Magical Staves
 m - a staff of fire
 S - a staff of poison
Jewellery
 C - a +6 ring of intelligence (left hand)
 F - a ring of ice (right hand)
 G - an amulet of the acrobat
 N - an amulet of magic regeneration (around neck)
 R - a +4 ring of protection
 T - a ring of fire
 Z - a +6 ring of strength
Wands
 o - a wand of digging (2)
 p - a wand of flame (9)
 x - a wand of mindburst (23)
 y - a wand of paralysis (13)
 J - a wand of iceblast (7)
 U - a wand of charming (10)
Scrolls
 c - a scroll of silence
 d - 3 scrolls of magic mapping
 h - a scroll of summoning {unknown}
 i - a scroll of immolation
 l - 2 scrolls of teleportation
 n - a scroll of noise {unknown}
 q - a scroll of enchant armour {unknown}
 u - 4 scrolls of blinking
 w - 3 scrolls of fear
 O - a scroll of brand weapon
 P - a scroll of enchant weapon {unknown}
 W - a scroll of amnesia
Potions
 e - a potion of invisibility {unknown}
 f - a potion of berserk rage {unknown}
 g - 3 potions of lignification
 s - 4 potions of heal wounds
 t - 2 potions of flight
 v - 2 potions of haste
 D - 2 potions of mutation
 E - a potion of brilliance
 I - 2 potions of ambrosia
 K - 2 potions of resistance
 L - 3 potions of attraction
 Y - a potion of curing
Miscellaneous
 X - a phantom mirror


   Skills:
 - Level 5.0 Dodging
 + Level 7.2 Stealth
 - Level 10.0 Spellcasting
 - Level 12.0 Conjurations
 - Level 4.0 Summonings
 - Level 5.0 Transmutations
 - Level 10.0 Ice Magic
 - Level 3.0 Air Magic
 + Level 12.3 Earth Magic


You had 4 spell levels left.
You knew the following spells:

 Your Spells              Type           Power      Damage    Failure   Level
a - Sandblast             Erth           100%       2d20      1%          1
b - Stone Arrow           Conj/Erth      100%       3d13      1%          3
c - Passwall              Tmut/Erth      48%        N/A       1%          2
d - Petrify               Tmut/Erth      58%        N/A       1%          4
e - Frozen Ramparts       Ice            100%       1d12      1%          3
f - Freezing Cloud        Conj/Ice/Air   37%        6-21      3%          5
g - Hailstorm             Conj/Ice       85%        3d17      1%          4
h - Iron Shot             Conj/Erth      35%        9d7       4%          6

Your spell library contained the following spells:

 Spells                   Type           Power      Damage    Failure   Level
 Freeze                   Ice            100%       1d11      1%          1
 Conjure Flame            Conj/Fire      47%        6-21      1%          3
 Animate Armour           Summ/Erth      100%       N/A       1%          4
 Sticky Flame             Conj/Fire      47%        2d6       3%          4
 Ignite Poison            Fire/Tmut/Pois 23%        N/A       6%          3
 Simulacrum               Ice/Necr       29%        N/A       61%         6
 Fire Storm               Conj/Fire      23%        8d6       100%        9
 Polar Vortex             Ice            40%        N/A       100%        9


Dungeon Overview and Level Annotations

Branches:
Dungeon (10/15)            Temple (1/1) D:6            Lair (4/6) D:8
 Shoals (0/4) Lair:2       Spider (1/4) Lair:4          Orc (0/2) D:9

Altars:
Ashenzari
Cheibriados
Dithmenos
Elyvilon
Fedhas
Gozag
Hepliaklqana
Kikubaaqudgha
Makhleb
Nemelex Xobeh
Okawaru
Qazlal
Ru
Sif Muna
Trog
Uskayaw
Vehumet
Wu Jian
Xom
Yredelemnul
Zin
The Shining One


Innate Abilities, Weirdness & Mutations

You are immune to sickness and miasma.
Your stone body is resilient. (AC +9)
You are immune to poison.
You resist negative energy. (rN+)
You are resistant to electric shocks. (rElec)
You are resistant to unholy torment.
You are immune to petrification.


Message History

You disentangle yourself.
A jumping spider comes into view.
The jumping spider moves out of view.
A meliai comes into view. It is wielding a +0 war axe. x2
A meliai comes into view. It is wielding a +0 hand axe.
Casting: Stone Arrow (safe; 1% risk of failure)
Confirm with . or Enter, or press ? or * to list all spells.
Aiming: Freezing Cloud (dangerous; 3% risk of failure)
Press: ? - help, Dir - move target, f - meliai
Aim: a meliai, wielding a +0 war axe and wearing a +0 robe (wandering, hasn't noticed you)
You feel a surge of power!
The meliai buzzes angrily. x3; You hear an angry hiss.
The meliai is engulfed in freezing vapours.
The meliai calls down the wrath of its god upon you.
Something smites you!
The meliai is engulfed in freezing vapours.
The meliai calls down the wrath of its god upon you.
Something smites you!
A wolf spider comes into view.
Casting: Freezing Cloud (dangerous; 3% risk of failure)
Confirm with . or Enter, or press ? or * to list all spells.
Aiming: Freezing Cloud (dangerous; 3% risk of failure)
Press: ? - help, Dir - move target, p - meliai You feel a surge of power!
The wolf spider hisses angrily.
The meliai is engulfed in freezing vapours.
The meliai mumbles some strange prayers to its god against you.
Something smites you!
The meliai is engulfed in freezing vapours.
The wolf spider is engulfed in freezing vapours.
The meliai invokes the aid of its god against you.
Something smites you!
* * * LOW HITPOINT WARNING * * *
A jumping spider comes into view.
You feel a bit more experienced.
You are caught in the web!
The meliai mumbles some strange prayers to its god against you.
Something smites you!
You die...
Your body crumbles into a pile of gold.

#.....# ## #.....## .#
#.....! .# ### #....# .##
###.## ### #....##.. ..#
#....###^## ##........
######....#...# #^.#
#..##........########y#.^#
...#....#....#..@.....#.y.s.
..##....##......########...##
.......###.#....# ...#
^......# ###...## ....y
......## #....# .##y. #..####
#...## .# .. #### ##...# #
#....# ####..##


You could see a meliai.

Vanquished Creatures
  Rupert (Spider:1)
  Azrael (Spider:1)
  A fire dragon (Lair:3)
  Josephine (Lair:4)
  5 hydras
  A two-headed ogre (D:9)
  5 death yaks (Lair:4)
  The ghost of Dorkslayer the Sneak, a novice OpFi (D:7)
  Pikel (D:5)
  4 orb spiders
  A necromancer (Lair:4)
  2 wolf spiders (Spider:1)
  3 black mambas
  A merfolk siren (Lair:2)
  7 cane toads
  8 komodo dragons
  4 rime drakes
  A meliai (Spider:1)
  2 trolls
  A polar bear (Lair:4)
  A tarantella (Spider:1)
  2 hornets
  4 blink frogs (Lair:2)
  5 dream sheep (Lair:2)
  A culicivora (Spider:1)
  3 jumping spiders (Spider:1)
  Sigmund (D:2)
  4 wraiths (Lair:4)
  2 fire elementals (Spider:1)
  A basilisk (Lair:4)
  17 yaks
  2 redbacks (Spider:1)
  A steam dragon (D:7)
  14 water moccasins
  2 hell hounds (Spider:1)
  An orc warrior (D:8)
  7 black bears
  7 ice beasts
  5 ogres
  A necrophage (D:4)
  2 sky beasts
  7 centaurs
  16 wolves
  A phantom (D:6)
  2 kobold brigands
  15 bullfrogs
  2 scorpions
  A water moccasin zombie (D:5)
  A water moccasin skeleton (D:6)
  9 wights (D:8)
  A howler monkey (D:5)
  2 centaur zombies
  2 jellies
  2 gnoll shamans (D:5)
  3 orc priests
  A hound (D:7)
  A bullfrog skeleton (D:5)
  2 centaur skeletons (D:7)
  Natasha (thrice) (D:2)
  2 iguanas
  3 orc wizards
  3 yak simulacra (Lair:4)
  2 polar bear simulacra (Lair:4)
  2 wolf simulacra (Lair:4)
  A killer bee zombie (D:6)
  A centaur simulacrum (D:7)
  A killer bee simulacrum (D:7)
  9 gnolls
  3 adders
  A howler monkey skeleton (D:7)
  A shadow imp (D:6)
  A white imp (D:7)
  A howler monkey simulacrum (D:7)
  2 ufetubi
  2 adder skeletons (D:4)
  4 worms
  3 dart slugs
  16 orcs
  6 ball pythons
  8 endoplasms
  5 giant cockroaches
  4 goblins
  7 hobgoblins
  3 jackals
  3 quokkas
  2 bats
  2 frilled lizards (D:1)
  7 kobolds
  5 rats
  4 river rat simulacra (Lair:4)
  A butterfly (Lair:4)
320 creatures vanquished.

Vanquished Creatures (others)
  55 fungi
  47 plants
102 creatures vanquished.

Grand Total: 422 creatures vanquished

Notes
Turn   | Place    | Note
-------+----------+-------------------------------------------
     0 | D:1      | CrabCake the Gargoyle Earth Elementalist began the quest
                  | for the Orb.
     0 | D:1      | Reached XP level 1. HP: 10/10 MP: 3/3
   254 | D:1      | Reached skill level 1 in Transmutations
   254 | D:1      | Reached XP level 2. HP: 15/15 MP: 1/5
   625 | D:1      | Found a faded altar of an unknown god.
  1199 | D:2      | Noticed Sigmund
  1311 | D:2      | Reached XP level 3. HP: 19/19 MP: 2/6
  1573 | D:2      | Noticed Natasha
  1577 | D:2      | Killed Natasha
  1580 | D:2      | Reached XP level 4. HP: 24/24 MP: 1/7
  1584 | D:2      | Learned a level 3 spell: Stone Arrow
  1733 | D:2      | Learned a level 2 spell: Passwall
  1736 | D:2      | Noticed Natasha
  1839 | D:3      | Found an iron altar of Okawaru.
  2455 | D:3      | Reached skill level 1 in Conjurations
  3071 | D:4      | Reached XP level 5. HP: 28/28 MP: 7/9
  3246 | D:4      | Noticed an ogre
  3250 | D:4      | Killed an ogre
  3418 | D:2      | Killed Natasha
  3419 | D:2      | Reached XP level 6. HP: 32/32 MP: 7/10
  3488 | D:2      | Killed Sigmund
  3587 | D:2      | Noticed Natasha
  3591 | D:2      | Killed Natasha
  3780 | D:4      | Reached XP level 7. HP: 30/36 MP: 5/11
  4447 | D:4      | Reached XP level 8. HP: 41/41 MP: 5/12
  4452 | D:4      | Learned a level 4 spell: Petrify
  4580 | D:5      | Entered Level 5 of the Dungeon
  4724 | D:5      | Noticed Pikel
  4838 | D:5      | Killed Pikel
  4993 | D:5      | Reached skill level 10 in Earth Magic
  5288 | D:5      | Identified the +5 falchion "Aubergine" {venom, rElec rF+++
                  | rCorr Dex-3}
  5311 | D:5      | Reached XP level 9. HP: 45/45 MP: 5/15
  5456 | D:5      | Found a sacrificial altar of Ru.
  5733 | D:5      | Found a hazy altar of Hepliaklqana.
  5742 | D:5      | Found a shimmering blue altar of Sif Muna.
  5841 | D:6      | Found a snail-covered altar of Cheibriados.
  5916 | D:6      | Reached skill level 5 in Conjurations
  6116 | D:6      | Found a staircase to the Ecumenical Temple.
  6129 | Temple   | Entered the Ecumenical Temple
  6482 | Temple   | Became a worshipper of Gozag Ym Sagoz the Greedy
  6582 | D:6      | Found a bloodstained altar of Trog.
  6850 | D:6      | Reached skill level 5 in Spellcasting
  7255 | D:6      | Reached skill level 5 in Transmutations
  8473 | D:7      | Noticed Dorkslayer's ghost (novice OpFi)
  8513 | D:7      | Found a runed translucent gate.
  8513 | D:7      | Found a runed translucent gate.
  8513 | D:7      | Found a runed translucent gate.
  8647 | D:7      | Reached XP level 10. HP: 50/50 MP: 10/21
  8720 | D:7      | Found a glowing silver altar of Zin.
  9678 | D:7      | Killed Dorkslayer's ghost
  9869 | D:8      | Found a burning altar of Makhleb.
  9940 | D:8      | Reached skill level 5 in Stealth
  9940 | D:8      | Reached skill level 1 in Ice Magic
 10225 | D:8      | Found a staircase to the Lair.
 10270 | D:8      | Reached XP level 11. HP: 54/54 MP: 13/24
 10290 | D:7      | Learned a level 3 spell: Frozen Ramparts
 10296 | D:7      | Learned a level 5 spell: Freezing Cloud
 10412 | D:8      | Reached skill level 5 in Ice Magic
 10483 | D:8      | Found a large runed translucent door.
 10487 | D:8      | Found a large runed translucent door.
 11456 | D:8      | Found a broken altar of Ashenzari.
 11474 | D:8      | Found a shadowy altar of Dithmenos.
 11629 | D:9      | Noticed a two-headed ogre
 11634 | D:9      | Killed a two-headed ogre
 11725 | D:9      | Identified the +6 hunting sling "Sesoihyw" {venom, Fragile
                  | rPois Will+ Int+3}
 11779 | D:9      | Found a staircase to the Orcish Mines.
 12084 | D:9      | Reached skill level 5 in Dodging
 12084 | D:9      | Reached skill level 1 in Air Magic
 12461 | D:10     | Entered Level 10 of the Dungeon
 12541 | Lair:1   | Entered Level 1 of the Lair of Beasts
 14164 | Lair:2   | Reached XP level 12. HP: 59/59 MP: 14/25
 14332 | Lair:2   | Found a staircase to the Shoals.
 14413 | Lair:2   | Noticed a six-headed hydra
 14635 | Lair:2   | Killed a six-headed hydra
 15157 | Lair:2   | Learned a level 4 spell: Hailstorm
 15338 | Lair:3   | Noticed an eight-headed hydra
 15339 | Lair:3   | Noticed an eight-headed hydra
 15347 | Lair:3   | Killed an eight-headed hydra
 15404 | Lair:3   | Killed an eight-headed hydra
 15487 | Lair:3   | Noticed an eight-headed hydra
 15488 | Lair:3   | Noticed a fire dragon
 15517 | Lair:3   | Noticed an eight-headed hydra
 15539 | Lair:3   | Killed an eight-headed hydra
 15540 | Lair:3   | Reached skill level 10 in Conjurations
 15541 | Lair:3   | Killed an eight-headed hydra
 16384 | Lair:3   | Killed a fire dragon
 16441 | Lair:3   | Got Sif Muna's Grimoire of Earth and Attacks
 16442 | Lair:3   | Identified the +8 scimitar of the Hated {drain, rElec rCorr
                  | Str+3}
 16533 | Lair:3   | Learned a level 6 spell: Iron Shot
 16678 | Lair:4   | Reached XP level 13. HP: 63/63 MP: 20/26
 16747 | Lair:4   | Identified the +0 trident "Dienuff" {flame, rF+}
 16784 | Lair:4   | Reached skill level 1 in Summonings
 16870 | Lair:4   | Noticed Josephine
 16879 | Lair:4   | Killed Josephine
 18158 | Lair:4   | Reached skill level 10 in Ice Magic
 18352 | Lair:4   | Found a hole to the Spider Nest.
 18587 | Spider:1 | Entered Level 1 of the Spider Nest
 18614 | Spider:1 | Reached skill level 10 in Spellcasting
 18757 | Spider:1 | Noticed Azrael
 18766 | Spider:1 | Killed Azrael
 19068 | Spider:1 | Noticed Rupert
 19106 | Spider:1 | Paralysed by Rupert for 5 turns
 19118 | Spider:1 | Killed Rupert
 19641 | Spider:1 | Killed from afar by a meliai

Illustrated notes

Levels and vault maps discovered:
D:1:      minmay_arrival_four_houses, layout_rooms,
          shapermc_ecumenical_altar_hornbeckon, grunt_decor_one_mirror
D:2:      layout_loops_ring, uniq_natasha, uniq_sigmund
D:3:      layout_loops_cross, okawaru_gym_becter
D:4:      minmay_chambers_of_fours, layout_rooms, kennysheep_potato
D:5:      layout_cave_pools, nicolae_overflow_hidden_temple, kennysheep_mini,
          nicolae_ru_great_annihilating_truth, uniq_pikel
D:6:      layout_basic, cheibriados_altar_1, mainiacjoe_overflow_24_doors,
          minmay_temple_entry_junction, kennysheep_generic_room_9
D:7:      kennysheep_six_static_rooms, layout_loops_ring, zin_statuary,
          gammafunk_ghost_icy
D:8:      layout_loops_ring, mainiacjoe_overflow_surrounded_room,
          jmf_multi_god_temple2, due_lair_maze_entry_diamond,
          serial_co_window_serial, co_window_paths_b, co_window_corner_a,
          co_window_paths_b, co_window_paths_a, co_window_paths_b,
          co_window_corner_b, co_window_corner_cb, co_window_corner_b,
          co_window_paths_d, co_window_sun, glass_columns_b, glass_columns_a,
          glass_columns_c, glass_columns_a, glass_columns_b
D:9:      layout_long_grid, orc_0_dummy, minivault_25
D:10:     lemuel_castle_with_subvaults [lemuel_castle_interior_carwin_1],
          layout_irregular_city
Temple:   minmay_temple_forest_path
Lair:1:   layout_roguey, lemuel_fruit_tree, lemuel_fruit_fields,
          infiniplex_staircase_pool_2
Lair:2:   layout_misc_corridors, minmay_shoals_entry_lonely_mermaid,
          chequers_serial_rivers_small_3
Lair:3:   dragon1_lemuel, layout_concentric_octagons, grunt_megastairs_5
Lair:4:   layout_regular_city, nicolae_spider_entry_orb_guardian,
          eino_house_with_fridge, lemuel_fruit_fields, uniq_josephine
Spider:1: layout_spider_delve, hangedman_spider_tarantella_strand, uniq_azrael,
          uniq_rupert

Skill      XL: |  1  2  3  4  5  6  7  8  9 10 11 12 13 |
---------------+----------------------------------------+-----
Transmutations | 1 2 3 5 |  5.0
Dodging        | 2 4 5 |  5.0
Earth Magic    | 4 6 9 10 12 | 12.3
Stealth        | 3 5 7 |  7.2
Conjurations   | 1 3 4 5 6 10 12 | 12.0
Spellcasting   | 3 4 7 9 10 | 10.0
Ice Magic      | 4 6 9 10 | 10.0
Air Magic      | 3 |  3.0
Summonings     | 4 |  4.0

Action                   |  1- 3 |  4- 6 |  7- 9 | 10-12 | 13-15 || total
-------------------------+-------+-------+-------+-------+-------++-------
Melee: Unarmed           |    10 |       |       |       |       ||    10
       Punch             |     2 |     3 |       |       |       ||     5
       Club              |     7 |    11 |       |       |       ||    18
       Mace              |       |    63 |    46 |       |       ||   109
       Flail             |       |    12 |       |       |       ||    12
       Falchion          |       |       |     2 |     3 |     5 ||    10
 Cast: Sandblast         |    33 |    35 |    37 |    76 |    34 ||   215
       Stone Arrow       |       |     2 |    79 |   240 |    19 ||   340
       Petrify           |       |       |     5 |    41 |    12 ||    58
       Freezing Cloud    |       |       |       |    11 |    38 ||    49
       Frozen Ramparts   |       |       |       |     3 |     4 ||     7
       Iron Shot         |       |       |       |     4 |    19 ||    23
       Hailstorm         |       |       |       |     4 |     2 ||     6
  Use: Scroll            |       |       |       |    18 |       ||    18
       Potion            |       |       |       |     4 |     1 ||     5
 Stab: Sleeping          |       |     1 |     4 |       |       ||     5
Armor: Robe              |    10 |    31 |    39 |    63 |     5 ||   148
       Skin              |       |       |       |     3 |       ||     3
Dodge: Dodged            |    20 |    68 |    61 |    99 |    10 ||   258
